 Dungeon Crawl Stone Soup version 0.16-a0-2736-g1697cd3 (webtiles) character file.

1377 Ratboiler the Charlatan (level 8, -10/64 HPs)
             Began as a Formicid Artificer on Nov 26, 2014.
             Mangled by an ogre
             ... wielding a +0 giant club
              (21 damage)
             ... on level 7 of the Dungeon.
             The game lasted 00:20:03 (8148 turns).

Ratboiler the Charlatan (Formicid Artificer)        Turns: 8148, Time: 00:20:04

Health: -10/64     AC: 10    Str: 17    XL:     8   Next: 98%
Magic:  28/28      EV: 10    Int: 11    God:
Gold:   235        SH:  0    Dex: 13    Spells: 0 memorised, 7 levels left

rFire  . . .     SeeInvis +     n - +0 glaive
rCold  . . .     Clarity  .     q - +0 chain mail
rNeg   . . .     SustAb   .     (no shield)
rPois  .         Gourm    .     (helmet unavailable)
rElec  .         Spirit   .     (no cloak)
rCorr  .         Warding  .     (no gloves)
rMut   .         Stasis   +     (no boots)
MR     .....                    z - amulet of faith
Stlth  ..........               u - ring of magical power
                                j - +3 ring of evasion

@: not resistant to hostile enchantments, extremely unstealthy
A: permanent stasis, dig shafts and tunnels, four strong arms, antennae 3
a: Dig, Shaft Self


You were on level 7 of the Dungeon.
You were not hungry.

You visited 1 branch of the dungeon, and saw 7 of its levels.
You also visited: Sewer.

You collected 235 gold pieces.

Inventory:

Hand weapons
 a - a +1 quarterstaff of crushing
 n - a +0 glaive (weapon)
 y - a +1 flail of holy wrath
Missiles
 m - 13 silver bolts
 J - 10 poisoned needles
Armour
 q - a +0 chain mail (worn)
 t - a +0 plate armour
Jewellery
 j - a +3 ring of evasion (left hand)
 u - a ring of magical power (right hand)
 z - an amulet of faith (around neck)
Magical devices
 b - a wand of flame (19)
 c - a wand of enslavement (8)
 d - a wand of random effects (13)
 s - a wand of invisibility (5)
 C - a wand of confusion (32)
 O - a wand of cold (2)
Scrolls
 k - a scroll of immolation
 l - 2 scrolls of recharging
 p - 4 scrolls of blinking
Potions
 e - 2 potions of curing {unknown}
 g - 2 potions of lignification {unknown}
 o - a potion of resistance {unknown}
 r - a potion of beneficial mutation {unknown}
 A - a potion of mutation
 E - a potion of magic {unknown}
 F - 3 potions of brilliance {unknown}
 G - a potion of might {unknown}
 H - a potion of agility {unknown}
 I - a potion of berserk rage
 K - a potion of cure mutation {unknown}
 P - a potion of cancellation {unknown}
 Q - a potion of invisibility {unknown}
 S - a potion of heal wounds
Comestibles
 f - 2 bread rations
 h - 2 beef jerkies
 M - 3 fruits


   Skills:
 - Level 6.2 Fighting
   Level 1.0 Short Blades
 * Level 2.4 Staves
 - Level 6.7 Armour
 - Level 1.7 Dodging
 - Level 1.2 Stealth
 - Level 7.0 Evocations


You had 7 spell levels left.
You didn't know any spells.

Dungeon Overview and Level Annotations

Branches:
Dungeon (7/15)
 Temple: D:4-7

Altars:
Fedhas
Gozag


Innate Abilities, Weirdness & Mutations

You are under a permanent stasis effect.
You can dig through walls and to a lower floor.
Your four strong arms can wield two-handed weapons with a shield.
You have a pair of large antennae on your head (SInv).


Message History

You slash the ogre!
The ogre is heavily wounded.
The ogre barely misses you.
You barely miss the ogre.
The ogre is heavily wounded.
The ogre hits you with a giant club!!
You hit the ogre.
The ogre is heavily wounded.
The ogre hits you with a giant club! The ogre hits you but does no damage.
You closely miss the ogre.
The ogre is heavily wounded.
The ogre hits you with a giant club!!
* * * LOW HITPOINT WARNING * * *
Evoke which item? (* to show all) (? for menu, Esc to quit)
Zapping:
C - a wand of confusion (33)
Press: ? - help, Shift-Dir - straight line, f - ogre
Aim: an ogre, wielding a giant club (heavily wounded)
The ogre resists with significant effort.
This wand has 32 charges left.
The ogre hits you with a giant club!!
You die...

#......# #....#.####
.###....#.##.#############
>.......'..รทรท).(.........#
.###....#.##############.#
#....#.# #.# #....#.# #{.
#.####O# ##. #. #@#
o.o...){o # #.# .o...... #.#
..o..... #)# .....?.. #.#
S.$.... #.# ?.....
#########.# .....
#.........# z. ##.########


You could see an ogre.

Vanquished Creatures
  3 ogres
  An orc warrior (D:7)
  2 phantoms (D:5)
  Blork the orc (D:6)
  A scorpion (D:4)
  4 crimson imps
  2 orc priests
  An orc wizard (D:6)
  A centaur skeleton (D:5)
  5 worker ants
  A killer bee zombie (D:5)
  An iguana (D:5)
  A worker ant zombie (D:3)
  7 adders
  3 gnolls (D:5)
  3 giant mites
  5 worms
  3 giant geckos
  2 oozes (D:3)
  20 orcs
  11 bats
  A bat skeleton (D:4)
  A bat zombie (D:3)
  7 giant cockroaches
  7 goblins
  15 hobgoblins
  2 quokkas (D:2)
  3 ball pythons
  A giant gecko skeleton (D:3)
  A giant gecko zombie (D:6)
  5 giant newts
  23 jackals
  A jackal skeleton (D:5)
  13 kobolds
  A quokka skeleton (D:3)
  A quokka zombie (D:5)
  41 rats
201 creatures vanquished.

Vanquished Creatures (collateral kills)
  An ogre (D:4)
  An orc (D:7)
  A jackal (D:4)
3 creatures vanquished.

Grand Total: 204 creatures vanquished

Notes
Turn   | Place    | Note
--------------------------------------------------------------
     0 | D:1      | Ratboiler, the Formicid Artificer, began the quest for the Orb.
     0 | D:1      | Reached XP level 1. HP: 15/15 MP: 1/1
    60 | D:1      | Reached skill level 4 in Evocations
    60 | D:1      | Reached XP level 2. HP: 14/21 MP: 4/4
   606 | D:1      | Reached XP level 3. HP: 18/26 MP: 6/6
  1104 | D:1      | Reached skill level 5 in Evocations
  1567 | D:2      | Found an opulent altar of Gozag.
  1589 | D:2      | Reached XP level 4. HP: 28/32 MP: 8/8
  1800 | D:2      | Reached skill level 6 in Evocations
  2040 | D:2      | Reached XP level 5. HP: 37/37 MP: 12/12
  2767 | D:3      | Reached skill level 7 in Evocations
  2889 | D:3      | Noticed an ogre
  3230 | D:4      | Reached XP level 6. HP: 43/43 MP: 15/15
  3243 | D:4      | Noticed an ogre
  3318 | D:4      | Killed an ogre
  3336 | D:4      | HP: 2/43 [ogre/giant club (19)]
  3340 | D:4      | Killed an ogre
  3714 | D:4      | Noticed an ogre
  3722 | D:4      | Killed an ogre
  3722 | D:4      | Reached XP level 7. HP: 48/48 MP: 17/17
  3787 | D:4      | Reached skill level 5 in Armour
  4541 | D:5      | Entered Level 5 of the Dungeon
  4969 | D:5      | Found a glowing drain.
  4973 | Sewer    | Entered a sewer
  5367 | D:5      | Reached XP level 8. HP: 41/60 MP: 19/19
  5475 | D:5      | Reached skill level 5 in Fighting
  6913 | D:6      | Noticed Blork the orc
  6947 | D:6      | Killed Blork the orc
  7038 | D:6      | Found a blossoming altar of Fedhas.
  7903 | D:6      | Reached skill level 1 in Staves
  8148 | D:7      | Mangled by an ogre

Action                   |  1- 3 |  4- 6 |  7- 9 || total
-------------------------+-------+-------+-------++-------
Melee: Short sword       |    91 |       |       ||    91
       Dagger            |    39 |   305 |   527 ||   871
       Flail             |       |       |    30 ||    30
       Quarterstaff      |       |       |    39 ||    39
       Glaive            |       |       |     6 ||     6
 Abil: Dig               |       |       |     4 ||     4
Evoke: Wand              |       |    12 |    17 ||    29
  Use: Scroll            |       |       |    11 ||    11
 Stab: Confused          |       |       |     5 ||     5
  Eat: Chunk             |     2 |     7 |     7 ||    16
       Royal jelly       |       |       |     1 ||     1
       Pizza             |       |       |     3 ||     3
       Meat ration       |       |       |     1 ||     1
